 Dungeon Crawl Stone Soup version 0.21.1-1-g345015f (webtiles) character file.

57 tidbits the Firebug (level 4, 4/32 HPs)
             Began as a Gnoll Fire Elementalist on Feb 7, 2018.
             Quit the game on level 3 of the Dungeon.
             The game lasted 00:04:27 (435 turns).

tidbits the Firebug (Gnoll Fire Elementalist)        Turns: 435, Time: 00:04:28

Health: 4/32       AC:  2    Str: 11    XL:     4   Next: 0%
Magic:  4/11       EV: 15    Int: 18    God:
Gold:   24         SH:  0    Dex: 15    Spells: 4/13 levels left

rFire    . . .     SeeInvis .   a - +0 rapier
rCold    . . .     Gourm    .   (no shield)
rNeg     . . .     Faith    .   f - +0 robe
rPois    .         Spirit   .   (no helmet)
rElec    .         Reflect  .   (no cloak)
rCorr    .         Harm     .   (no gloves)
MR       .....                  (no boots)
Stlth    +++.......             (no amulet)
HPRegen  0.10/turn              (no ring)
MPRegen  0.12/turn              (no ring)

@: lethally poisoned (4 -> -1)
A: distributed training, fangs 1, strong nose
a: no special abilities


You were on level 3 of the Dungeon.
You were not hungry.

You visited 1 branch of the dungeon, and saw 4 of its levels.

You collected 24 gold pieces.

Inventory:

Hand Weapons
 a - a +0 rapier (weapon)
 d - a +0 dagger
 i - a +0 broad axe
Missiles
 e - 21 arrows
Armour
 f - a +0 robe (worn)
Scrolls
 g - a scroll of identify
 h - 2 scrolls of enchant armour
 j - a scroll of immolation {unknown}
 k - a scroll of blinking {unknown}
 l - a scroll of remove curse {unknown}
Books
 b - a book of Flames

   Spells                             Type                      Level
   a - Flame Tongue                   Conjuration/Fire             1
   b - Throw Flame                    Conjuration/Fire             2
   c - Conjure Flame                  Conjuration/Fire             3
   d - Inner Flame                    Hexes/Fire                   3
   e - Sticky Flame                   Conjuration/Fire             4
   f - Fireball                       Conjuration/Fire             5
 m - a book of Maledictions
   (You found it on level 3 of the Dungeon)

   Spells                             Type                      Level
   a - Corona                         Hexes                        1
   b - Ensorcelled Hibernation        Hexes/Ice                    2
   c - Confuse                        Hexes                        3
   d - Tukima's Dance                 Hexes                        3
   e - Dazzling Spray                 Conjuration/Hexes            3
Comestibles
 c - 4 rations


   Skills:
 + Level 1.0 Fighting
 + Level 1.0 Short Blades
 + Level 1.0 Long Blades
 + Level 1.0 Axes
 + Level 1.0 Maces & Flails
 + Level 1.0 Polearms
 + Level 1.0 Staves
 + Level 1.0 Slings
 + Level 1.0 Bows
 + Level 1.0 Crossbows
 + Level 1.0 Throwing
 + Level 1.0 Armour
 + Level 4.6 Dodging
 + Level 4.2 Stealth
 + Level 1.0 Shields
 + Level 1.0 Unarmed Combat
 + Level 5.0 Spellcasting
 + Level 2.1 Conjurations
 + Level 0.7 Hexes
 + Level 0.7 Charms
 + Level 0.7 Summonings
 + Level 0.7 Necromancy
 + Level 0.7 Translocations
 + Level 0.7 Transmutations
 + Level 5.4 Fire Magic
 + Level 0.7 Ice Magic
 + Level 0.7 Air Magic
 + Level 0.7 Earth Magic
 + Level 0.7 Poison Magic
 + Level 1.0 Invocations
 + Level 1.0 Evocations


You had 4 spell levels left.
You knew the following spells:

 Your Spells              Type           Power        Failure   Level  Hunger
a - Flame Tongue          Conj/Fire      ###..        2%          1    None
c - Conjure Flame         Conj/Fire      ###.....     9%          3    ##.....
d - Dazzling Spray        Conj/Hex       #.....       22%         3    ##.....
j - Throw Flame           Conj/Fire      ###...       4%          2    #......


Dungeon Overview and Level Annotations

Branches:
Dungeon (4/15)
 Temple: D:4-7

Altars:
Gozag
Hepliaklqana
Nemelex Xobeh
Qazlal
Xom

Annotations:
D:2 Sigmund
D:4 shakethe's ghost, amateur FoAK


Innate Abilities, Weirdness & Mutations

Your experience applies equally to all skills.
You have very sharp teeth.
Your uncanny sense of smell can sniff out nearby items.


Message History

Found a robe.
There is an open door here.
Unknown command.
The hobgoblin shouts!
The adder hisses angrily.
The goblin shouts!
The hobgoblin hits you with a club.
You closely miss the hobgoblin.
You bite the hobgoblin, but do no damage.
The adder misses you. The hobgoblin closely misses you.
The goblin unwields an uncursed club.
The goblin wields a hunting sling.
The goblin shoots a stone.
The stone barely misses you.
The stone closely misses the adder.
Casting: Flame Tongue
Confirm with . or Enter, or press ? or * to list all spells.
Aiming: Flame Tongue
Press: ? - help, Shift-Dir - straight line, f - adder
Aim: an adder
Okay, then.
Casting: Flame Tongue
Confirm with . or Enter, or press ? or * to list all spells.
Aiming: Dazzling Spray
Press: ? - help, Shift-Dir - straight line, f - adder
Aim: an adder The spray of energy hits the adder.
The adder is lightly wounded.
The adder is dazzled.
The spray of energy misses the hobgoblin.
You hear the brisk rusting of a distant drain.
The adder closely misses you. The hobgoblin barely misses you.
Unknown command.
You miss the adder. Your bite misses the adder.
The adder is lightly wounded.
The adder barely misses you.
The goblin shoots a stone.
The stone hits you. The adder completely misses you.
The hobgoblin closely misses you.
You hit the adder but do no damage. You bite the adder, but do no damage.
The adder is lightly wounded.
The goblin shoots a stone.
The stone closely misses you.
The stone barely misses the adder.
The hobgoblin misses you.
The adder is no longer blind.
The adder barely misses you.
The goblin shoots a stone.
The stone barely misses you.
The hobgoblin hits you but does no damage.
You hit the adder but do no damage.
The adder is lightly wounded.
The adder completely misses you.
The goblin shoots a stone.
The stone hits you. The adder barely misses you.
The hobgoblin hits you with a club.
Casting: Dazzling Spray
Confirm with . or Enter, or press ? or * to list all spells.
Aiming: Flame Tongue
Press: ? - help, Shift-Dir - straight line, f/p - adder
Aim: an adder (lightly wounded)
The flame tongue hits the adder.
The adder is severely wounded.
The goblin shoots a stone.
The stone closely misses you. The adder bites you but does no damage.
Casting: Flame Tongue
Confirm with . or Enter, or press ? or * to list all spells.
Aiming: Flame Tongue
Press: ? - help, Shift-Dir - straight line, f/p - adder
Aim: an adder (severely wounded)
The flame tongue misses the adder.
The adder bites you.
You are poisoned.
The adder poisons you! The hobgoblin hits you with a club!
* * * LOW HITPOINT WARNING * * *
The goblin shoots a stone.
The stone closely misses you. The adder bites you.
* * * LOW HITPOINT WARNING * * *
Casting: Flame Tongue
Confirm with . or Enter, or press ? or * to list all spells.
Aiming: Flame Tongue
Press: ? - help, Shift-Dir - straight line, f/p - adder
Aim: an adder (severely wounded)
The flame tongue hits the adder.
You kill the adder!
Your Fighting skill increases to level 1!
Your Short Blades skill increases to level 1!
Your Long Blades skill increases to level 1!
Your Axes skill increases to level 1!
Your Maces & Flails skill increases to level 1!
Your Polearms skill increases to level 1!
Your Staves skill increases to level 1!
Your Slings skill increases to level 1!
Your Bows skill increases to level 1!
Your Crossbows skill increases to level 1!
Your Throwing skill increases to level 1!
Your Armour skill increases to level 1!
Your Shields skill increases to level 1!
Your Unarmed Combat skill increases to level 1!
Your Evocations skill increases to level 1!
You have reached level 4!
You feel stronger.
You feel sick. The hobgoblin hits you with a club.
* * * LOW HITPOINT WARNING * * *
The goblin shoots a stone.
The stone closely misses you.
You aren't carrying any potions.
You aren't carrying any potions.
Unknown command.
As you read the scroll labeled TOEKOJ PEFY, it crumbles to dust.
It is a scroll of identify.
h - 2 scrolls of enchant armour The hobgoblin hits you with a club.
* * * LOW HITPOINT WARNING * * *
The goblin shoots a stone.
The stone barely misses you.
Are you sure you want to abandon this character and quit the game? (Confirm with "yes".)

*,,,,,,,,,,* *,,,,, **,,,,,,,,,,*
****** **** *,,,,,,,,,,,* ****,,
,,,* *,,,,,,,,,,** #....# ,,,*
#,,,,,,,,,,* #.....
,,,******#.############***##.....
,,,,,,,,,........(....,,,,,......
,,,******#..[......#*******#.....
,,,* #.....(@g.# #..... ,,,*
#......(..# #....#
,,,******#.........# #....#
,,,,,,,,*#.....$...#########..>.#
>,,,,,,,++.........'.............
,,,,,,,,*#.....g...#####........#
,,,,,,,,*#.........# #.########
,,,,,,,,*#.........# #.# ##
,,,,,,,,*#.........# #.# #.


You could see a hobgoblin and a goblin.

Vanquished Creatures
  4 adders
  A worm (D:3)
  2 dart slugs (D:1)
  An orc (D:3)
  A hobgoblin (D:2)
  A bat (D:2)
  A frilled lizard (D:1)
  2 goblins
  3 kobolds
  3 rats
19 creatures vanquished.

Notes
Turn   | Place    | Note
-------+----------+-------------------------------------------
     0 | D:1      | tidbits the Gnoll Fire Elementalist began the quest for the Orb.
     0 | D:1      | Reached XP level 1. HP: 13/13 MP: 6/6
    43 | D:1      | Reached skill level 2 in Conjurations
    74 | D:2      | Reached XP level 2. HP: 15/20 MP: 1/7
    81 | D:2      | Learned a level 2 spell: Throw Flame
   132 | D:2      | Noticed Sigmund
   182 | D:4      | Noticed shakethe's ghost (amateur FoAK)
   216 | D:3      | Found a hazy altar of Hepliaklqana.
   221 | D:3      | Reached skill level 5 in Spellcasting
   221 | D:3      | Reached XP level 3. HP: 7/25 MP: 4/9
   227 | D:3      | Learned a level 3 spell: Conjure Flame
   261 | D:2      | Found an opulent altar of Gozag.
   262 | D:2      | Found a shimmering altar of Xom.
   262 | D:2      | Found a sparkling altar of Nemelex Xobeh.
   265 | D:2      | Found a stormy altar of Qazlal.
   296 | D:2      | Reached skill level 1 in Invocations
   388 | D:3      | Learned a level 3 spell: Dazzling Spray
   433 | D:3      | Reached skill level 1 in Fighting
   433 | D:3      | Reached skill level 1 in Short Blades
   433 | D:3      | Reached skill level 1 in Long Blades
   433 | D:3      | Reached skill level 1 in Axes
   433 | D:3      | Reached skill level 1 in Maces & Flails
   433 | D:3      | Reached skill level 1 in Polearms
   433 | D:3      | Reached skill level 1 in Staves
   433 | D:3      | Reached skill level 1 in Slings
   433 | D:3      | Reached skill level 1 in Bows
   433 | D:3      | Reached skill level 1 in Crossbows
   433 | D:3      | Reached skill level 1 in Throwing
   433 | D:3      | Reached skill level 1 in Armour
   433 | D:3      | Reached skill level 1 in Shields
   433 | D:3      | Reached skill level 1 in Unarmed Combat
   433 | D:3      | Reached skill level 1 in Evocations
   433 | D:3      | Reached XP level 4. HP: 7/32 MP: 3/11
   435 | D:3      | Quit the game

Skill      XL: |  1  2  3 |
---------------+----------+-----
Conjurations   | 2 |  2.1
Spellcasting   | 5 |  5.0
Invocations    | 1 |  1.0
Fighting       | 1 |  1.0
Short Blades   | 1 |  1.0
Long Blades    | 1 |  1.0
Axes           | 1 |  1.0
Maces & Flails | 1 |  1.0
Polearms       | 1 |  1.0
Staves         | 1 |  1.0
Slings         | 1 |  1.0
Bows           | 1 |  1.0
Crossbows      | 1 |  1.0
Throwing       | 1 |  1.0
Armour         | 1 |  1.0
Shields        | 1 |  1.0
Unarmed Combat | 1 |  1.0
Evocations     | 1 |  1.0
Dodging        | |  4.6
Stealth        | |  4.2
Hexes          | |  0.7
Charms         | |  0.7
Summonings     | |  0.7
Necromancy     | |  0.7
Translocations | |  0.7
Transmutations | |  0.7
Fire Magic     | |  5.4
Ice Magic      | |  0.7
Air Magic      | |  0.7
Earth Magic    | |  0.7
Poison Magic   | |  0.7

Action                   |  1- 3 |  4- 6 || total
-------------------------+-------+-------++-------
Melee: Rapier            |    19 |       ||    19
       Bite              |     2 |       ||     2
 Cast: Flame Tongue      |    24 |     1 ||    25
       Dazzling Spray    |     1 |       ||     1
  Use: Scroll            |     2 |     1 ||     3
 Stab: Sleeping          |     2 |       ||     2
Armor: Robe              |     4 |       ||     4
Dodge: Dodged            |    38 |     2 ||    40

Table legend:
 A = Turns spent in this place as a percentage of turns spent in the entire game.
 B = Non-inter-level travel turns spent in this place as a percentage of non-inter-level travel turns spent in the entire game.
 C = Inter-level travel turns spent in this place as a percentage of turns spent in this place.
 D = Turns resting spent in this place as a percentage of non-inter-level travel turns spent in this place.
 E = Turns spent auto-exploring this place as a percentage of non-inter-level travel turns spent in this place.
 F = Non-inter-level travel turns spent in this place divided by the number of levels of this place that you've seen.
                   A       B       C       D       E      F
               +-------+-------+-------+-------+-------+----------------------
         Total | 100.0 | 100.0 |   4.6 |   0.0 |   0.0 | 103.8
       Dungeon | 100.0 | 100.0 |   4.6 |   0.0 |   0.0 | 103.8
               +-------+-------+-------+-------+-------+----------------------

Table legend:
 A = Kills in this place as a percentage of kills in entire the game.
 B = Kills by you in this place as a percentage of kills by you in the entire game.
 C = Kills by friends in this place as a percentage of kills by friends in the entire game.
 D = Other kills in this place as a percentage of other kills in the entire game.
 E = Experience gained in this place as a percentage of experience gained in the entire game.
 F = Experience gained in this place divided by the number of levels of this place that you have seen.
                   A       B       C       D       E      F
               +-------+-------+-------+-------+-------+----------------------
         Total | 100.0 | 100.0 |   N/A |   N/A | 100.0 |  20.5
       Dungeon | 100.0 | 100.0 |   N/A |   N/A | 100.0 |  20.5
               +-------+-------+-------+-------+-------+----------------------

Vault maps used:
D:1:      dpeg_arrival_round_b, serial_bayou_pond_c, kennysheep_nondescript
D:2:      minitemple, serial_curves, eino_curves_03, eino_curves_03,
          uniq_sigmund
D:3:      overflow_temple_1_default, gup_sewer_entry_glass, first_ration,
          serial_bayou_pond_a, uniq_natasha
D:4:      gammafunk_cloud_chamber, overflow_temple_1_default,
          nicolae_ru_great_annihilating_truth, uniq_robin, uniq_duvessa
